Map: The Vermillion Problem

Players

Pheliska

  • Race: Protoss Protoss
  • Spawn Location: 11:00

NamroodTuo

  • Race: Terran Terran
  • Spawn Location: 11:00

VOD

Have the link to the VOD?

Description

Time

  • Played on: Jan. 26, 2023, 3:47 a.m.
  • Length: 38:01
Show
View Real Time Build Order
Export as new Build Order

Pheliska Protoss 

Build Orders:  

Get SALT Encoding   

  12  0:29  Assimilator  
  12  0:36  Assimilator  
  12  0:40  Pylon  
  12  0:59  Pylon  
  12  1:00  Probe (Chrono Boost)  
  13  1:13  Probe (Chrono Boost)  
  14  1:27  Probe (Chrono Boost)  
  15  1:50  Forge  
  15  1:59  Gateway  
  15  2:23  Gateway  
  15  3:23  Zealot  
  15  3:27  Protoss Ground Weapons Level 1  
  17  3:33  Zealot  
  19  4:23  Pylon  
  19  4:43  Cybernetics Core  
  20  5:21  Probe (Chrono Boost)  
  20  5:38  Probe (Chrono Boost)  
  21  5:49  Protoss Ground Armor Level 1  
  21  5:55  Probe (Chrono Boost)  
  22  6:38  Twilight Council  
  22  7:23  Protoss Air Armor Level 1  
  22  7:59  Protoss Shields Level 1  
  22  8:38  Singularity Charge  
  22  9:38  Charge  
  22  10:03  Protoss Air Weapons Level 1  
  22  10:05  Protoss Ground Weapons Level 2  
  22  10:46  Stargate  
  22  10:53  Robotics Facility  
  22  11:04  Probe (Chrono Boost)  
  24  11:21  Probe (Chrono Boost)  
  24  11:38  Probe (Chrono Boost)  
  23  12:40  Protoss Ground Armor Level 2  
  23  12:50  Phoenix  
  25  13:25  Phoenix  
  26  13:57  Fleet Beacon  
  26  14:00  Phoenix  
  28  14:10  Robotics Bay  
  28  14:35  Phoenix  
  30  15:10  Phoenix  
  30  15:15  Protoss Shields Level 2  
  32  15:24  Improved Barrier  
  32  15:45  Phoenix  
  32  15:46  Protoss Air Weapons Level 2  
  34  16:24  Gravitic Boosters  
  34  17:44  Protoss Ground Weapons Level 3  
  24  20:24  Protoss Air Weapons Level 3  
  24  20:44  Protoss Ground Armor Level 3  
  24  20:55  Anion Pulse-Crystals  
  24  21:04  Pylon  
  25  21:40  Probe (Chrono Boost)  
  25  21:57  Probe (Chrono Boost)  
  26  22:04  Phoenix  
  28  22:14  Probe (Chrono Boost)  
  30  22:31  Probe (Chrono Boost)  
  30  22:39  Phoenix  
  32  22:48  Probe (Chrono Boost)  
  33  23:14  Phoenix  
  35  23:43  Protoss Shields Level 3  
  35  23:49  Phoenix  
  37  23:57  Templar Archives  
  37  24:04  Protoss Air Armor Level 2  
  37  24:24  Phoenix  
  39  24:59  Phoenix  
  41  25:34  Phoenix  
  39  29:42  Psionic Storm  
  39  31:55  Protoss Air Armor Level 3  
  36  34:26  Probe (Chrono Boost)  
  37  34:43  Probe (Chrono Boost)  
  39  35:00  Probe (Chrono Boost)  
  39  35:17  Probe (Chrono Boost)  
  40  35:31  Immortal  
  40  35:34  Probe (Chrono Boost)  
  45  35:40  High Templar  
  47  35:52  Pylon  
  47  36:26  Immortal  
Show
View Real Time Build Order
Export as new Build Order

NamroodTuo Terran 

Build Orders:  

Get SALT Encoding   

  12  0:03  SCV  
  13  0:16  SCV  
  14  0:30  SCV  
  15  0:44  Factory  
  15  0:56  Supply Depot  
  15  1:25  SCV  
  16  1:38  SCV  
  17  1:46  Perdition Turret  
  17  1:52  SCV  
  18  2:05  SCV  
  18  2:06  Refinery  
  19  2:17  Devastation Turret  
  19  2:19  SCV  
  20  2:32  SCV, Perdition Turret  
  21  2:46  SCV  
  22  2:51  Engineering Bay  
  22  2:56  Refinery  
  22  3:07  Devastation Turret  
  22  3:22  Supply Depot  
  22  3:33  Perdition Turret  
  22  3:49  Devastation Turret  
  22  3:55  Supply Depot  
  22  4:13  Perdition Turret  
  22  4:23  Devastation Turret  
  22  4:36  Perdition Turret  
  22  4:46  Devastation Turret  
  22  4:59  Perdition Turret  
  22  5:14  Devastation Turret  
  22  5:19  SCV  
  23  5:30  SCV  
  24  5:41  SCV  
  25  5:52  SCV  
  26  6:03  SCV  
  26  6:09  Armory  
  27  6:14  SCV  
  28  6:23  Spinning Dizzy  
  28  6:55  Devastation Turret  
  28  6:59  SCV  
  29  7:12  SCV  
  29  7:15  Spinning Dizzy  
  30  7:21  Perdition Turret  
  30  7:24  Perdition Turret  
  30  7:26  SCV  
  31  7:36  Devastation Turret x2  
  31  7:39  SCV  
  32  7:52  Upgrade Laser Drill Level 1  
  32  7:53  SCV  
  33  8:22  Advanced Optics  
  33  8:27  Fire-Suppression Systems  
  33  8:48  Spinning Dizzy  
  33  8:51  Spinning Dizzy  
  33  8:56  Spinning Dizzy  
  33  9:01  Perdition Turret x2  
  33  9:02  Perdition Turret  
  33  9:06  Perdition Turret  
  33  9:09  Perdition Turret x2  
  33  9:11  Perdition Turret  
  33  9:20  Spinning Dizzy  
  33  9:35  Devastation Turret  
  33  9:41  SCV  
  34  9:50  Supply Depot  
  34  9:55  SCV  
  35  10:08  SCV  
  36  10:19  Supply Depot  
  36  10:22  SCV, Regenerative Bio-Steel  
  37  10:35  SCV  
  37  10:37  Spinning Dizzy  
  38  10:49  SCV  
  39  10:56  Supply Depot x2  
  39  10:58  Supply Depot  
  39  11:19  Starport  
  39  11:23  Starport  
  39  11:26  Supply Depot  
  39  11:34  Perdition Turret  
  39  11:46  Upgrade Laser Drill Level 2  
  39  11:57  Starport  
  39  12:14  Starport Tech Reactor  
  39  12:16  Starport Tech Reactor  
  39  12:20  Starport Tech Reactor  
  39  12:34  Supply Depot  
  39  12:49  Pulse Amplifier  
  39  12:51  Improved Nano-Repair  
  39  13:02  KMC Auto-Loaders  
  39  13:06  Supply Depot  
  39  13:30  Supply Depot  
  39  13:47  Supply Depot  
  39  13:49  Science Vessel  
  41  13:50  Wraith  
  41  13:54  Wraith  
  45  14:07  Wraith  
  47  14:20  Wraith  
  47  14:27  Perdition Turret x2  
  49  14:32  Hi-Sec Auto Tracking  
  49  14:35  Wraith  
  51  14:46  Wraith  
  53  14:59  Perdition Turret x2  
  53  15:06  Spinning Dizzy  
  53  15:07  Perdition Turret x3  
  53  15:12  Perdition Turret x2  
  53  15:20  Spinning Dizzy  
  53  15:22  Wraith  
  55  15:32  Structure Armor  
  55  15:33  Science Vessel  
  55  15:38  Wraith  
  59  15:49  Terran Vehicle and Ship Weapons Level 1  
  59  16:09  Wraith  
  61  16:23  Wraith  
  63  16:39  Wraith  
  65  16:55  Wraith  
  67  18:29  Terran Vehicle And Ship Armor Level 1  
  67  18:42  Science Vessel, Perdition Turret  
  67  18:43  Perdition Turret, Wraith  
  67  18:44  Science Vessel, Wraith  
  67  18:45  Perdition Turret, Wraith x2  
  79  19:23  Wraith  
  79  19:24  Wraith  
  79  19:25  Wraith  
  83  22:14  Perdition Turret x2  
  83  23:14  Perdition Turret x2  
  81  23:30  Perdition Turret x2  
  81  23:31  Perdition Turret  
  81  23:37  Wraith x3  
  81  23:38  Wraith x3  
  93  23:45  Perdition Turret  
  93  24:17  Wraith x3  
  93  24:18  Wraith x3  
  105  24:57  Wraith x4  
  105  24:58  Wraith x2  
  117  25:37  Wraith  
  117  25:39  Wraith  
  119  25:40  Wraith  
  119  25:44  Wraith  
  119  25:46  Wraith  
  113  29:23  Terran Vehicle And Ship Armor Level 2  
  113  30:39  Supply Depot  
  113  30:41  Supply Depot  
  113  30:44  Supply Depot  
  113  30:50  Supply Depot  
  113  31:14  Supply Depot  
  113  31:19  Perdition Turret x2  
  113  31:20  Supply Depot  
  113  31:22  Perdition Turret, Supply Depot  
  113  31:23  Supply Depot  
  113  31:38  Supply Depot  
  113  31:53  Supply Depot  
  113  31:57  Perdition Turret x2  
  113  31:59  Perdition Turret  
  113  32:00  Perdition Turret  
  113  32:01  Perdition Turret  
  113  32:33  Terran Vehicle and Ship Weapons Level 2  
  113  33:28  Perdition Turret x2  
  113  36:38  Perdition Turret x2  
  113  36:39  Perdition Turret  
  113  36:41  Perdition Turret  
  113  36:45  Perdition Turret  
  111  36:59  Perdition Turret x2  
  111  37:02  Perdition Turret  
  111  37:08  Perdition Turret  
  111  37:09  Perdition Turret  
  111  37:10  Perdition Turret  
Tags
 
Add a new tag
Caveats
  • Supply blocks, unpowered buildings, or Contaminate may cause inaccurate times.
  • Supply counts are checked every 10 seconds.